 Dungeon Crawl Stone Soup version 0.28.0 (webtiles) character file.

Game seed: 3694217940812763162

989 HallandMoats the Unbeliever (level 7, -1/57 HPs)
             Began as a Demonspawn Fighter on Feb 6, 2022.
             Slain by SnakkuSnakku7's ghost (14 damage)
             ... on level 5 of the Dungeon.
             The game lasted 00:05:03 (5116 turns).

HallandMoats the Unbeliever (Demonspawn Fighter)    Turns: 5116, Time: 00:05:04

Health: -1/57      AC: 10    Str: 17      XL:     7   Next: 98%
Magic:  11/11      EV: 10    Int:  9      God:
Gold:   205        SH: 10    Dex: 13 (14) Spells: 6/6 levels left

rFire   . . .      SeeInvis .   a - +2 hand axe (vorpal)
rCold   . . .      Faith    .   c - +0 buckler
rNeg    . . .      Spirit   .   b - +0 scale mail
rPois   +          Reflect  +   u - +0 helmet
rElec   .          Harm     .   (no cloak)
rCorr   .          Rampage  .   (gloves unavailable)
Will    +....                   o - +0 pair of boots
Stlth   ..........              g - amulet of reflection
HPRegen 0.19/turn               n - ring of willpower
MPRegen 0.12/turn               v - ring of poison resistance

@: mighty
A: rugged brown scales 1, spiny 2, demonic touch 3
a: no special abilities


You were on level 5 of the Dungeon.
You visited 1 branch of the dungeon, and saw 5 of its levels.

You collected 205 gold pieces.

Inventory:

Hand Weapons
 a - a +2 vorpal hand axe (weapon)
Armour
 b - a +0 scale mail (worn)
 c - a +0 buckler (worn)
 o - a +0 pair of boots (worn)
 u - a +0 helmet (worn)
Jewellery
 g - an amulet of reflection (around neck)
 n - a ring of willpower (left hand)
 v - a ring of poison resistance (right hand)
 w - a ring of protection from cold
Wands
 r - a wand of flame (26)
Scrolls
 f - 2 scrolls of immolation {unknown}
 h - 2 scrolls of teleportation {unknown}
 k - a scroll of noise {unknown}
 l - 3 scrolls of magic mapping
 m - a scroll of fear
 q - a scroll of identify
Potions
 d - a potion of might
 e - a potion of curing {unknown}
 i - a potion of mutation {unknown}
 j - a potion of attraction {unknown}
 p - a potion of berserk rage {unknown}
 s - a potion of invisibility {unknown}
 t - a potion of cancellation {unknown}
 x - a potion of ambrosia {unknown}


   Skills:
 * Level 5.3 Fighting
 * Level 4.2 Axes
 + Level 3.7 Armour
 + Level 2.4 Dodging
 + Level 3.8 Shields
 * Level 5.4 Invocations


You had 6 spell levels left.
You didn't know any spells.
Your spell library contained the following spells:

 Spells                   Type           Power      Damage    Failure   Level
 Scorch                   Fire           0%         2d5       95%         2
 Confusing Touch          Hex            0%         N/A       99%         3
 Flame Wave               Conj/Fire      0%         2d4       100%        4
 Yara's Violent Unravell  Hex/Tmut       0%         3d3       100%        5
 Summon Cactus Giant      Summ           0%         N/A       100%        6
 Enfeeble                 Hex            0%         N/A       100%        7


Dungeon Overview and Level Annotations

Branches:
Dungeon (5/15)
 Temple: D:4-7

Altars:
Dithmenos
Yredelemnul

Annotations:
D:5 SnakkuSnakku7's ghost, amateur TeEn


Innate Abilities, Weirdness & Mutations

You are partially covered in rugged brown scales. (AC +1, +3% HP)
You are mostly covered in sharp spines.
Your touch may irresistibly damage your foes and sap their willpower.


Message History

You block the quasit's attack. The quasit barely misses you. x2
SnakkuSnakku7's ghost hits you! SnakkuSnakku7's ghost freezes you.
You block the quasit's attack. x2; The quasit claws you.
* * * LOW HITPOINT WARNING * * *
You hit SnakkuSnakku7's ghost.
SnakkuSnakku7's ghost is lightly damaged.
You closely miss the quasit.
SnakkuSnakku7's ghost is struck by your spines.
SnakkuSnakku7's ghost barely misses you.
The quasit is struck by your spines.
You kill the quasit!
There is a transporter here.
You enter the transporter and appear at another place.
SnakkuSnakku7's ghost is struck by your spines.
SnakkuSnakku7's ghost hits you but does no damage.
The quasit is struck by your spines.
The quasit bites you but does no damage.
You block the quasit's attack.
The quasit claws you but does no damage.
You block SnakkuSnakku7's ghost's attack.
The quasit is struck by your spines.
The quasit bites you but does no damage.
The quasit claws you.
* * * LOW HITPOINT WARNING * * *
You feel clumsy.
The quasit claws you but does no damage.
You block the quasit's attack.
The quasit claws you but does no damage.
The quasit barely misses you. SnakkuSnakku7's ghost hits you.
* * * LOW HITPOINT WARNING * * *
SnakkuSnakku7's ghost freezes you.
* * * LOW HITPOINT WARNING * * *
The quasit is struck by your spines. The quasit bites you.
* * * LOW HITPOINT WARNING * * *
The quasit claws you but does no damage.
The quasit claws you.
* * * LOW HITPOINT WARNING * * *
SnakkuSnakku7's ghost is struck by your spines.
SnakkuSnakku7's ghost hits you!
You die...

###.............>...........÷)...
.......#.........#............#.#
#####............#...##.#....####
#.©.###..........##.###......#
......#...###....##..#......##
#.#...#..#######.....#.......#
#.#5.5#..#.######......##...##
....#.##.....##.#...[..###..#
.#...#.#.#....5W@..<....#..##
=.©#...#.##...##............##
#.....##.###.##..........#...#
#...#.#©.....#...##.#..#...###
#.##..##.....##.#####..#...#
...#...#....###.# #...####
.#....##.##..##.## #####
.....##..##..#...##
.#####....##......#


You could see a quasit and SnakkuSnakku7's ghost.

Vanquished Creatures
  A black bear (D:5)
  4 ogres (D:5)
  2 scorpions
  A centaur zombie (D:5)
  A quasit (D:5)
  2 jellies
  A bullfrog skeleton (D:5)
  3 hounds
  3 iguanas
  A hound skeleton (D:4)
  3 adders
  A worm (D:2)
  3 dart slugs
  2 orcs
  14 ball pythons
  5 endoplasms
  6 giant cockroaches
  3 goblins
  12 hobgoblins
  14 jackals
  2 quokkas
  8 bats
  A frilled lizard (D:2)
  7 kobolds
  3 rats
103 creatures vanquished.

Notes
Turn   | Place    | Note
-------+----------+-------------------------------------------
     0 | D:1      | HallandMoats the Demonspawn Fighter began the quest for the
                  | Orb.
     0 | D:1      | Reached XP level 1. HP: 18/18 MP: 1/1
   231 | D:1      | Gained mutation: You are partially covered in sharp spines.
                  | [demonic ancestry]
   231 | D:1      | Reached XP level 2. HP: 21/24 MP: 2/2
   453 | D:1      | Reached skill level 1 in Invocations
  1044 | D:1      | Gained mutation: Your touch may inflict minor irresistible
                  | damage on your foes. [demonic ancestry]
  1044 | D:1      | Reached XP level 3. HP: 26/29 MP: 4/4
  1272 | D:2      | You fall into a shaft and drop 1 floor!
  1368 | D:2      | Found a shadowy altar of Dithmenos.
  1587 | D:2      | Gained mutation: Your touch may inflict irresistible damage
                  | on your foes. [demonic ancestry]
  1587 | D:2      | Reached XP level 4. HP: 35/35 MP: 5/5
  1665 | D:2      | Reached skill level 1 in Dodging
  1808 | D:3      | Found a basalt altar of Yredelemnul.
  1994 | D:3      | Gained mutation: Your touch may irresistibly damage your
                  | foes and sap their willpower. [demonic ancestry]
  1994 | D:3      | Reached XP level 5. HP: 34/42 MP: 5/7
  2550 | D:3      | Found a faded altar of an unknown god.
  2993 | D:4      | Gained mutation: You are partially covered in rugged brown
                  | scales. (AC +1, +3% HP) [demonic ancestry]
  2993 | D:4      | Reached XP level 6. HP: 42/49 MP: 8/8
  3807 | D:5      | Entered Level 5 of the Dungeon
  4041 | D:5      | Gained mutation: You are mostly covered in sharp spines.
                  | [demonic ancestry]
  4041 | D:5      | Reached XP level 7. HP: 33/56 MP: 10/10
  4170 | D:5      | Found a transporter.
  4175 | D:5      | Noticed SnakkuSnakku7's ghost (amateur TeEn)
  4584 | D:5      | Reached skill level 5 in Fighting
  4610 | D:5      | Reached skill level 5 in Invocations
  5095 | D:5      | Found a transporter.
  5116 | D:5      | Slain by SnakkuSnakku7's ghost

Illustrated notes

Levels and vault maps discovered:
D:1:      roderic_crossed_star, layout_basic, minmay_misc_feat_columns,
          serial_bayou_pond_d
D:2:      layout_loops_ring, basic_altar
D:3:      layout_rooms, mainiacjoe_overflow_alcove_1,
          dreamdust_ecumenical_altar_hidden_monk_grotto, minmay_vboxes
D:4:      layout_basic, saegor_snake_ambush
D:5:      layout_cave_pools, gammafunk_ghost_stat_death

Skill      XL: |  1  2  3  4  5  6  7 |
---------------+----------------------+-----
Axes           | 2 3 4 |  4.2
Invocations    | 1 2 3 4 5 |  5.4
Shields        | 3 |  3.8
Dodging        | 1 2 |  2.4
Armour         | 3 |  3.7
Fighting       | 4 5 |  5.3

Action                   |  1- 3 |  4- 6 |  7- 9 || total
-------------------------+-------+-------+-------++-------
Melee: War axe           |    76 |     7 |       ||    83
       Hand axe          |       |    81 |    48 ||   129
  Use: Scroll            |       |     2 |       ||     2
       Potion            |       |       |     1 ||     1
Armor: Scale mail        |    31 |    22 |    23 ||    76
Dodge: Dodged            |    40 |    30 |    24 ||    94
Block: Buckler           |    11 |    41 |    36 ||    88
       Reflection        |       |     1 |       ||     1
